 Dungeon Crawl Stone Soup version 0.30-a0-528-g8c47a4955b (webtiles) character file.

Game seed: 9538106808154755607

24707 xzight the Arsonist (level 12, -3/78 HPs)
             Began as a Deep Elf Fire Elementalist on Dec 23, 2022.
             Was the Champion of Ashenzari.
             Slain by a komodo dragon (20 damage)
             ... on level 4 of the Lair of Beasts.
             The game lasted 00:53:02 (21477 turns).

xzight the Arsonist (Deep Elf Fire Elementalist)   Turns: 21477, Time: 00:53:03

Health: -3/78      AC: 10    Str:  5    XL:     12   Next: 83%
Magic:  3/32       EV: 22    Int: 32    God:    Ashenzari [******]
Gold:   446        SH: 11    Dex: 15    Spells: 27/40 levels left

rFire   + + .      SeeInvis +    k - +10 trident "Chained With Me" {drain, rF++, Comp, Melee} (curse)
rCold   + + .      Faith    .    u - +1 buckler "Orthodoxy of Ashenzari" {rC+, Range, Bglg} (curse)
rNeg    . . .      Spirit   .    w - +0 robe "Astral Autotheism" {Will+, Range, Melee} (curse)
rPois   +          Reflect  +    A - +1 helmet "Chained With Me" {Cun, Melee} (curse)
rElec   .          Harm     .    G - +1 cloak "Lashed Prison" {Cun, Melee} (curse)
rCorr   .          Rampage  .    p - +2 pair of gloves of the Prescient Oracle {Elem, Range} (curse)
Will    +++..      Clarity  +    y - +0 pair of boots "Celestial Oracle" {Fort, Alch} (curse)
Stlth   +++                      b - amulet of Toth-Mos's Legacy {Reflect Int+6 SH+5, Bglg, Melee} (curse)
HPRegen 0.33/turn                W - ring of Ashenzari's Blue Moon {Will+, Range, Self} (curse)
MPRegen 0.23/turn                o - ring "Bound Jealousy" {rPois rC+ EV+4, Elem, Cun} (curse)

@: no status effects
A: no striking features
a: Renounce Religion, Shatter the Chains


You were on level 4 of the Lair of Beasts.
You worshipped Ashenzari.
Ashenzari was exalted by your worship.
You visited 3 branches of the dungeon, and saw 16 of its levels.
You also visited: Gauntlet.

You collected 980 gold pieces.
You spent 534 gold pieces at shops.


   Skills:
 + Level 7.6(10.3) Fighting
 - Level 0.6(3.4) Polearms
 - Level 8.1(13.1) Dodging
 - Level 2.4(6.2) Stealth
 - Level 3.1(5.3) Shields
 + Level 12.0(14.6) Spellcasting
 - Level 12.4(16.3) Conjurations
 - Level 13.0(16.9) Fire Magic


You had 27 spell levels left.
You knew the following spells:

 Your Spells              Type           Power      Damage    Failure   Level
a - Foxfire               Conj/Fire      100%       2x1d9     0%          1
b - Scorch                Fire           100%       2d10      0%          2
c - Flame Wave            Conj/Fire      92%        2d19      1%          4
d - Starburst             Conj/Fire      46%        6d13      1%          6

Your spell library contained the following spells:

 Spells                   Type           Power      Damage    Failure   Level
 Apportation              Tloc           52%        N/A       1%          1
 Kiss of Death            Conj/Necr      100%       2d13      1%          1
 Sandblast                Erth           52%        2d12      1%          1
 Dazzling Flash           Conj/Hex       100%       N/A       1%          3
 Inner Flame              Hex/Fire       68%        N/A       1%          3
 Kindle Blastsparks       Fire/Tloc/Air  100%       2d18      1%          3
 Stone Arrow              Conj/Erth      100%       3d13      1%          3
 Iskenderun's Mystic Bla  Conj/Tloc      67%        2d14      1%          4
 Irradiate                Conj/Tmut      33%        3d22      2%          5
 Ensorcelled Hibernation  Hex/Ice        52%        N/A       3%          2
 Passwall                 Tmut/Erth      21%        N/A       3%          2
 Confusing Touch          Hex            26%        N/A       6%          3
 Gell's Gravitas          Tloc           26%        N/A       6%          3
 Lesser Beckoning         Tloc           52%        N/A       6%          3
 Spider Form              Tmut/Pois      25%        N/A       6%          3
 Teleport Other           Tloc           26%        N/A       6%          3
 Leda's Liquefaction      Hex/Erth       13%        N/A       19%         4
 Anguish                  Hex/Necr       13%        N/A       21%         4
 Dispel Undead            Necr           25%        3d12      21%         4
 Lee's Rapid Deconstruct  Erth           13%        3d9*      47%         5
 Silence                  Hex/Air        13%        N/A       47%         5
 Agony                    Necr           25%        N/A       50%         5
 Alistair's Intoxication  Tmut/Pois      16%        N/A       52%         5
 Blade Hands              Tmut           12%        N/A       52%         5
 Statue Form              Tmut/Erth      17%        N/A       97%         6
 Dragon Form              Tmut           12%        N/A       100%        7

Inventory:

Hand Weapons
 k - the cursed +10 trident "Chained With Me" (weapon) {drain, rF++, Comp, Melee}
   (You found it on level 6 of the Dungeon)

   A truly terrible weapon, it drains the life of any living foe it strikes.
   rF:        It greatly protects you from fire.
   It has a curse which improves the following skills: Companions: Summonings
   and Necromancy.
   Melee Combat: Short Blades, Long Blades, Axes, Maces & Flails, Polearms,
   Staves and Unarmed Combat.
Missiles
 v - a throwing net {=f}
Armour
 p - the cursed +2 pair of gloves of the Prescient Oracle (worn) {Elem, Range}
   (You found it on level 2 of the Dungeon)

   It has a curse which improves the following skills: Elements: Fire Magic, Ice
   Magic, Air Magic and Earth Magic.
   Ranged Combat: Ranged Weapons and Throwing.
 u - the cursed +1 buckler "Orthodoxy of Ashenzari" (worn) {rC+, Range, Bglg}
   (You found it on level 11 of the Dungeon)

   It has a curse which improves the following skills: Ranged Combat: Ranged
   Weapons and Throwing.
   Beguiling: Conjurations, Hexes and Translocations.
 w - the cursed +0 robe "Astral Autotheism" (worn) {Will+, Range, Melee}
   (You took it off Sigmund on level 3 of the Dungeon)

   It has a curse which improves the following skills: Ranged Combat: Ranged
   Weapons and Throwing.
   Melee Combat: Short Blades, Long Blades, Axes, Maces & Flails, Polearms,
   Staves and Unarmed Combat.
 y - the cursed +0 pair of boots "Celestial Oracle" (worn) {Fort, Alch}
   (You found it on level 4 of the Dungeon)

   It has a curse which improves the following skills: Fortitude: Armour and
   Shields.
   Alchemy:   Poison Magic and Transmutations.
 A - the cursed +1 helmet "Chained With Me" (worn) {Cun, Melee}
   (You found it on level 6 of the Dungeon)

   It has a curse which improves the following skills: Cunning: Dodging and
   Stealth.
   Melee Combat: Short Blades, Long Blades, Axes, Maces & Flails, Polearms,
   Staves and Unarmed Combat.
 G - the cursed +1 cloak "Lashed Prison" (worn) {Cun, Melee}
   (You found it in a Gauntlet)

   It has a curse which improves the following skills: Cunning: Dodging and
   Stealth.
   Melee Combat: Short Blades, Long Blades, Axes, Maces & Flails, Polearms,
   Staves and Unarmed Combat.
Magical Staves
 r - a staff of conjuration {!a}
Jewellery
 b - the cursed amulet of Toth-Mos's Legacy (around neck) {Reflect Int+6 SH+5, Bglg, Melee}
   (You found it in a Gauntlet)

   [amulet of reflection]

   It reflects blocked missile attacks.
   Int:       It affects your intelligence (+6).
   SH:        It affects your SH (+5).
   It has a curse which improves the following skills: Beguiling: Conjurations,
   Hexes and Translocations.
   Melee Combat: Short Blades, Long Blades, Axes, Maces & Flails, Polearms,
   Staves and Unarmed Combat.
 c - a ring of ice
 f - a ring of fire
 o - the cursed ring "Bound Jealousy" (right hand) {rPois rC+ EV+4, Elem, Cun}
   (You found it on level 2 of the Dungeon)

   [ring of evasion]

   EV:        It affects your evasion (+4).
   rC:        It protects you from cold.
   rPois:     It protects you from poison.
   It has a curse which improves the following skills: Elements: Fire Magic, Ice
   Magic, Air Magic and Earth Magic.
   Cunning:   Dodging and Stealth.
 C - a ring of ice
 F - a ring of protection from fire
 H - an amulet of guardian spirit
 L - a ring of flight
 N - the ring of False Hope {rF+ Int+5}
   (You found it on level 3 of the Lair of Beasts)

   [ring of protection from fire]

   Int:       It affects your intelligence (+5).
   rF:        It protects you from fire.
 R - a ring of resist corrosion
 T - a +4 ring of protection
 W - the cursed ring of Ashenzari's Blue Moon (left hand) {Will+, Range, Self}
   (You found it on level 5 of the Dungeon)

   [ring of willpower]

   Will:      It increases your willpower.
   It has a curse which improves the following skills: Ranged Combat: Ranged
   Weapons and Throwing.
   Introspection: Fighting and Spellcasting.
Wands
 h - a wand of charming (14)
 n - a wand of roots (8)
 D - a wand of flame (43)
Scrolls
 e - 2 scrolls of blinking
 g - 4 scrolls of poison
 j - 3 scrolls of magic mapping
 l - a scroll of fear
 m - 6 scrolls of teleportation {@r2}
 s - 5 scrolls of enchant weapon
 E - a scroll of amnesia
 I - a scroll of brand weapon
 J - a scroll of silence {!r}
Potions
 a - 5 potions of flight
 d - 7 potions of curing {@q1}
 i - 4 potions of attraction
 q - a potion of might
 t - a potion of invisibility
 x - 3 potions of ambrosia
 z - 3 potions of lignification
 B - 2 potions of cancellation
 K - 2 potions of heal wounds {@q2}
 M - 4 potions of brilliance

Dungeon Overview and Level Annotations

Branches:
Dungeon (11/15)            Temple (1/1) D:7            Lair (4/5) D:10
  Swamp (0/4) Lair:2       Spider (0/4) Lair:3      Gauntlet (visited)
  Slime: Lair:4-5       Orc: D:9-12

Altars:
Ashenzari
Cheibriados
Dithmenos
Elyvilon
Fedhas
Gozag
Hepliaklqana
Makhleb
Nemelex Xobeh
Okawaru
Qazlal
Ru
Sif Muna
Trog
Uskayaw
Vehumet
Wu Jian
Xom
Yredelemnul
Zin
The Shining One

Shops:
D:2 [   D:3 *   D:6 (   D:8 =   D:10 =   D:11 *

Annotations:
D:4 1 runed translucent door, GiantSquids's ghost, novice TeHu
D:7 exclusion: upstairs
D:10 Fannar
Lair:2 1 exclusion
Lair:4 Rupert

,* ** , , ,,,, , , , ,
, , ............. ,, ,
, , ,,,,............,
,,, ,, , , *
,P......†...# * ,,, ***
, * * *#..........# ,
,* * ,, * .......[...#
* ,, * >, * *
*.......†...#.#.***,,,*
* , ,, ,
.......@.......,,, , ,
,, , ,
......l@.......,, ,, ,
, , ......###...##. ,,
* ,, , * ,.....*** ,..#
,, * * , ** ,,....,,*
*, P# * * *,, ... *
*,,,.# ,, * , * *, ..
,, *** , *# ,, ,, ,. ,,
, ,* **, , , *, ,, * *
, * , , , , , , * * * *


You could see Rupert (berserk) and a komodo dragon.


Message History

Press: ? - help, Dir - look around, f - activate The bolt of fire hits Rupert!!!
Rupert is burned terribly!
Rupert is heavily wounded.
The bolt of fire hits the bullfrog!!!
You kill the bullfrog!
The bolt of fire hits the rime drake!!!
You kill the rime drake!
You block Rupert's attack. x2
Your base Spellcasting skill increases to level 12!
Casting: Starburst (dangerous; 1% risk of failure)
Confirm with . or Enter, or press ? or * to list all spells.
Casting: Starburst (dangerous; 1% risk of failure)
Press: ? - help, Dir - look around, f - activate The bolt of fire misses Rupert.
Rupert hits you with a +2 vorpal battleaxe!!!
Ouch! That really hurt!
* * * LOW HITPOINT WARNING * * *
x2
Casting: Starburst (dangerous; 1% risk of failure)
Confirm with . or Enter, or press ? or * to list all spells.
Casting: Starburst (dangerous; 1% risk of failure)
Press: ? - help, Dir - look around, f - activate The bolt of fire hits Rupert!!!!
Rupert is burned terribly!
Rupert is almost dead.
The bolt of fire hits the komodo dragon!!!
The komodo dragon is almost dead.
Rupert is no longer more vulnerable to fire.
Rupert hits you with a +2 vorpal battleaxe!
* * * LOW HITPOINT WARNING * * *
x2 Rupert misses you.
The komodo dragon bites you!!
You die...

Skill      XL: |  1  2  3  4  5  6  7  8  9 10 11 12 |
---------------+-------------------------------------+-----
Spellcasting   | 4 5 6 7 8 10 12 | 12.0
Conjurations   | 2 3 4 6 8 9 11 12 | 12.4
Fire Magic     | 4 5 6 8 9 10 12 13 | 13.0
Fighting       | 1 3 4 5 7 |  7.6
Dodging        | 3 5 6 8 |  8.1
Shields        | 1 3 |  3.1
Polearms       | |  0.6
Stealth        | |  2.4

Action                   |  1- 3 |  4- 6 |  7- 9 | 10-12 || total
-------------------------+-------+-------+-------+-------++-------
Melee: Short sword       |       |     1 |       |       ||     1
       Trident           |       |       |     6 |    14 ||    20
 Cast: Foxfire           |   103 |   113 |   239 |   170 ||   625
       Scorch            |     1 |    30 |    58 |   135 ||   224
       Starburst         |       |       |       |    75 ||    75
       Flame Wave        |       |       |       |     4 ||     4
Invok: Curse Item        |       |       |     1 |     9 ||    10
  Use: Potion            |       |       |       |    10 ||    10
       Scroll            |       |       |       |     5 ||     5
Armor: Robe              |     2 |     2 |    13 |    13 ||    30
       Skin              |       |       |       |     8 ||     8
Dodge: Dodged            |     9 |     7 |    31 |   141 ||   188
Block: Buckler           |       |       |       |    50 ||    50
       Other             |       |       |       |    12 ||    12
       Reflection        |       |       |       |     3 ||     3

Levels and vault maps discovered:
D:1:      scummos_arrival_gate, layout_loops_corners
D:2:      layout_loops_ring, serial_shops, shop, serial_glass, glass_columns_a,
          glass_columns_a, due_unseen_surprise, uniq_natasha
D:3:      layout_basic, fedhas_ov_isle_minmay,
          shapermc_ecumenical_altar_pompeii, serial_shops,
          nicolae_shop_waterfront, uniq_sigmund
D:4:      layout_basic, lemuel_coloured_pillars_altar,
          hellmonk_ghost_happy_afterlife, grunt_ministairs_14
D:5:      layout_gridville
D:6:      layout_layer_cave, serial_shops, nicolae_shop_hallway_stairs,
          uniq_eustachio
D:7:      layout_layer_cave, minmay_temple_entry_butterflies, enter_bailey_5
D:8:      layout_cave_pods, grunt_gozag_breadcrumbs,
          chequers_temple_overflow_minitemple, minmay_shop_enchanted_jewellery,
          uniq_pikel
D:9:      layout_irregular_city, uniq_psyche
D:10:     layout_roguey, nicolae_dithmenos_through_a_glass_darkly,
          nicolae_qazlal_general_emergency, hellmonk_lair_entry_icy,
          serial_shops, shop, uniq_fannar, uniq_erica, uniq_amaemon
D:11:     dreamdust_isle_of_ice, layout_basic, gauntlet_entry_generic,
          nicolae_shop_clearance
Temple:   cyrus_circular_temple
Lair:1:   layout_roguey [special_room_bee], basic_altar
Lair:2:   dragon1_lemuel, layout_regular_city, swamp_mist_pool
Lair:3:   layout_misc_corridors, spider_nest_entry_funnel_web, pf_torpor_hydra
Lair:4:   layout_small_grid, beast_lair_carwin_11, grunt_megastairs_4,
          uniq_rupert

Notes
Turn   | Place    | Note
-------+----------+-------------------------------------------
     0 | D:1      | xzight the Deep Elf Fire Elementalist began the quest for
                  | the Orb.
     0 | D:1      | Reached XP level 1. HP: 10/10 MP: 6/6
   471 | D:1      | Reached XP level 2. HP: 15/15 MP: 4/8
   474 | D:1      | Learned a level 2 spell: Scorch
  1477 | D:1      | Reached skill level 4 in Spellcasting
  1752 | D:2      | Reached XP level 3. HP: 19/19 MP: 1/10
  1869 | D:2      | Reached skill level 2 in Conjurations
  2088 | D:2      | Identified the +0 ring mail of an ossuary {Dex+2 SInv}
  2099 | D:2      | Noticed Natasha
  2107 | D:2      | Killed Natasha
  2156 | D:2      | Noticed Natasha
  2160 | D:2      | Killed Natasha
  2161 | D:2      | Reached skill level 5 in Spellcasting
  2161 | D:2      | Reached skill level 4 in Fire Magic
  2161 | D:2      | Reached XP level 4. HP: 24/24 MP: 8/13
  2213 | D:2      | Identified the ring of Temperance {rPois rC+ EV+4}
  2272 | D:2      | Found Suijuoq's Armour Emporium.
  2329 | D:2      | Noticed Natasha
  2337 | D:2      | Killed Natasha
  2731 | D:2      | Reached XP level 5. HP: 28/28 MP: 9/14
  3239 | D:3      | Reached skill level 3 in Conjurations
  3306 | D:3      | Found a faded altar of an unknown god.
  3411 | D:3      | Found Ichodego's General Store.
  3419 | D:3      | Bought a potion of heal wounds for 60 gold pieces
  3419 | D:3      | Bought a scroll of blinking for 90 gold pieces
  3766 | D:3      | Reached skill level 6 in Spellcasting
  3877 | D:3      | Found a blossoming altar of Fedhas.
  4017 | D:3      | Reached XP level 6. HP: 32/32 MP: 3/17
  4147 | D:3      | Noticed Sigmund
  4152 | D:3      | Killed Sigmund
  4153 | D:3      | Reached skill level 4 in Conjurations
  4153 | D:3      | Reached skill level 5 in Fire Magic
  4523 | D:4      | Found a runed translucent door.
  4523 | D:4      | Noticed GiantSquids's ghost (novice TeHu)
  5116 | D:4      | Reached skill level 7 in Spellcasting
  5122 | D:4      | Found a bloodstained altar of Trog.
  5342 | D:4      | Reached XP level 7. HP: 36/36 MP: 12/19
  6007 | D:5      | Entered Level 5 of the Dungeon
  6149 | D:5      | Reached skill level 5 in Conjurations
  6149 | D:5      | Reached skill level 6 in Fire Magic
  6192 | D:5      | Reached skill level 8 in Spellcasting
  6460 | D:5      | Reached skill level 6 in Conjurations
  6528 | D:5      | Reached XP level 8. HP: 34/41 MP: 6/22
  7079 | D:5      | Reached skill level 7 in Conjurations
  7436 | D:6      | Reached skill level 7 in Fire Magic
  7510 | D:6      | Found Namuoschua's Antique Weapon Shoppe.
  7605 | D:6      | Reached skill level 8 in Conjurations
  7653 | D:6      | Reached skill level 8 in Fire Magic
  7723 | D:6      | Reached skill level 1 in Fighting
  7723 | D:6      | Reached skill level 3 in Dodging
  7849 | D:6      | Reached XP level 9. HP: 47/47 MP: 18/23
  7850 | D:6      | Identified the +10 trident of Disembowelment {drain, rF++}
  8222 | D:6      | Noticed Eustachio
  8236 | D:6      | Killed Eustachio
  8237 | D:6      | Reached skill level 4 in Dodging
  8424 | D:7      | Reached skill level 2 in Fighting
  8610 | D:7      | Noticed a two-headed ogre
  9046 | D:7      | Killed a two-headed ogre
  9047 | D:7      | Reached skill level 5 in Dodging
  9136 | D:7      | Found a staircase to the Ecumenical Temple.
  9146 | Temple   | Entered the Ecumenical Temple
  9176 | Temple   | Became a worshipper of Ashenzari the Shackled
  9259 | D:7      | Identified the +7 whip "Tyeblo Sofe" {vorpal, *Rage Fly rF+
                  | rN++}
 10066 | D:8      | Noticed Pikel
 10085 | D:8      | Killed Pikel
 10086 | D:8      | Reached skill level 3 in Fighting
 10086 | D:8      | Reached skill level 9 in Conjurations
 10086 | D:8      | Reached skill level 9 in Fire Magic
 10235 | D:8      | Found Atimu's Jewellery Emporium.
 10645 | D:8      | Reached XP level 10. HP: 56/56 MP: 15/24
 10794 | D:8      | Found an opulent altar of Gozag.
 10969 | D:8      | Found a faded altar of an unknown god.
 10969 | D:8      | Found a glowing golden altar of the Shining One.
 10976 | D:8      | Found a sacrificial altar of Ru.
 10978 | D:8      | Found a basalt altar of Yredelemnul.
 10980 | D:8      | Found a shimmering blue altar of Sif Muna.
 11143 | D:8      | Reached * piety under Ashenzari
 11836 | D:9      | Reached skill level 6 in Dodging
 11839 | D:9      | Reached ** piety under Ashenzari
 12075 | D:9      | Noticed Psyche
 12081 | D:9      | Killed Psyche
 12082 | D:9      | Reached skill level 4 in Fighting
 12082 | D:9      | Reached skill level 10 in Conjurations
 12581 | D:10     | Entered Level 10 of the Dungeon
 12585 | D:10     | Noticed Fannar
 12626 | D:9      | Learned a level 4 spell: Flame Wave
 12660 | D:10     | Reached skill level 9 in Spellcasting
 12756 | D:10     | Reached skill level 10 in Spellcasting
 12826 | D:10     | Reached skill level 10 in Fire Magic
 13112 | D:3      | Bought a book of Spectacle for 384 gold pieces
 13119 | D:3      | Learned a level 6 spell: Starburst
 13289 | D:10     | Noticed an orange demon
 13294 | D:10     | Noticed Amaemon
 13295 | D:10     | Killed an orange demon
 13401 | D:10     | Found a staircase to the Lair.
 13417 | D:10     | Killed Amaemon
 13567 | D:10     | Noticed Erica
 13589 | D:10     | Reached skill level 11 in Conjurations
 13686 | D:10     | Found a stormy altar of Qazlal.
 13699 | D:10     | Found Ekiyr's Jewellery Shop.
 13896 | D:10     | Found a shadowy altar of Dithmenos.
 13969 | D:10     | Reached XP level 11. HP: 61/61 MP: 14/27
 14220 | D:10     | Killed Erica
 14221 | D:10     | Reached skill level 11 in Fire Magic
 14442 | D:11     | Found a gate leading to a gauntlet.
 14450 | Gauntlet | Entered a Gauntlet
 14450 | Gauntlet | Found a transporter.
 14450 | Gauntlet | Found a transporter.
 14450 | Gauntlet | Found a transporter.
 14454 | Gauntlet | Found a transporter.
 14465 | Gauntlet | Found a transporter.
 14468 | Gauntlet | Noticed a soul eater
 14470 | Gauntlet | Reached *** piety under Ashenzari
 14471 | Gauntlet | Found a transporter.
 14482 | Gauntlet | Noticed a necromancer
 14483 | Gauntlet | Found a transporter.
 14490 | Gauntlet | Noticed a death yak
 14502 | Gauntlet | Identified the ring of Ashenzari's Delight {Fire Contam
                  | Str+8 Int+9 Slay-6}
 14504 | Gauntlet | Found a transporter.
 14505 | Gauntlet | Identified the +10 bardiche of Terror {elec, rC+ Str+9
                  | Dex+4 Stlth-}
 14525 | Gauntlet | Found a transporter.
 14527 | Gauntlet | Identified the +1 hat of Blue Skies {Str+3 Dex+8}
 14529 | Gauntlet | Found a transporter.
 14571 | Gauntlet | Identified a potion of resistance
 14573 | Gauntlet | Noticed a quicksilver ooze
 14576 | Gauntlet | Identified the amulet "Cianeruf" {Reflect Int+6 SH+5}
 14587 | Gauntlet | Found a transporter.
 14603 | Gauntlet | Noticed a death yak
 14604 | Gauntlet | Noticed a death yak
 14605 | Gauntlet | Noticed a death yak
 14670 | Gauntlet | HP: 3/91 [quicksilver ooze (10)]
 14673 | Gauntlet | Killed a quicksilver ooze
 14695 | Gauntlet | Identified the cursed +1 helmet "Chained With Me" {Cun,
                  | Melee} (You found it on level 6 of the Dungeon)
 14695 | Gauntlet | Identified the cursed +0 pair of boots "Celestial Oracle"
                  | {Fort, Alch} (You found it on level 4 of the Dungeon)
 14695 | Gauntlet | Identified the cursed +0 robe "Astral Autotheism" {Will+,
                  | Range, Melee} (You took it off Sigmund on level 3 of the
                  | Dungeon)
 14913 | Gauntlet | Found a transporter.
 14931 | Gauntlet | Killed a necromancer
 15084 | Gauntlet | Identified the +9 arbalest of Dung {speed, rF+}
 15084 | Gauntlet | Noticed a minotaur
 15286 | D:11     | Noticed a two-headed ogre
 15297 | D:11     | Killed a two-headed ogre
 15298 | D:11     | Reached skill level 12 in Conjurations
 15625 | D:11     | Reached **** piety under Ashenzari
 15748 | D:11     | Noticed a bog body
 15800 | D:11     | Killed a bog body
 15801 | D:11     | Reached skill level 12 in Fire Magic
 16087 | D:11     | Identified the +4 ring mail of Time Monsters {rElec Str+5
                  | Int-3 SInv}
 16106 | D:11     | Reached skill level 7 in Dodging
 16124 | D:11     | HP: 6/62 [entropy weaver simulacrum (4)]
 16458 | D:11     | Reached skill level 5 in Fighting
 16717 | D:11     | Found Upeniorph's CLEARANCE SALE!.
 17092 | Lair:1   | Entered Level 1 of the Lair of Beasts
 17393 | Lair:1   | Reached skill level 8 in Dodging
 17622 | Lair:1   | Reached skill level 1 in Shields
 17628 | Lair:1   | Reached XP level 12. HP: 68/68 MP: 10/28
 17835 | Lair:1   | Found a hazy altar of Hepliaklqana.
 18216 | Lair:1   | Reached skill level 2 in Shields
 18227 | Lair:1   | Noticed a five-headed hydra
 18235 | Lair:1   | Killed a five-headed hydra
 18236 | Lair:1   | Reached skill level 6 in Fighting
 18236 | Lair:1   | Reached skill level 13 in Fire Magic
 18552 | Lair:1   | Reached ***** piety under Ashenzari
 18755 | Lair:2   | Reached skill level 3 in Shields
 19131 | Lair:2   | Noticed a fire dragon
 19705 | Lair:2   | Found a staircase to the Swamp.
 19920 | Lair:2   | Reached ****** piety under Ashenzari
 20411 | Lair:3   | Reached skill level 11 in Spellcasting
 20624 | Lair:3   | Found a hole to the Spider Nest.
 20633 | Lair:3   | Reached skill level 7 in Fighting
 20984 | Lair:3   | Found a runed translucent door.
 20990 | Lair:3   | Noticed an eight-headed hydra
 21330 | Lair:3   | Killed an eight-headed hydra
 21430 | Lair:3   | Identified the ring of False Hope {rF+ Int+5}
 21470 | Lair:4   | Noticed Rupert
 21476 | Lair:4   | Reached skill level 12 in Spellcasting
 21477 | Lair:4   | Slain by a komodo dragon

Vanquished Creatures
  A quicksilver ooze (Gauntlet)
  Erica (D:10)
  2 hydras
  2 two-headed ogres
  Amaemon (D:10)
  A bog body (D:11)
  Pikel (D:8)
  A wolf spider (Lair:3)
  A necromancer (Gauntlet)
  An orange demon (D:10)
  5 cane toads
  A torpor snail (Lair:3)
  4 rime drakes
  2 komodo dragons
  Psyche (D:9)
  2 ice devils (D:11)
  A freezing wraith (D:11)
  A queen bee (Lair:1)
  2 polar bears
  3 trolls
  A hornet (D:7)
  Sigmund (D:3)
  A culicivora (Lair:3)
  A vampire (D:11)
  2 wraiths
  3 wyverns
  29 yaks
  3 redbacks (Lair:3)
  Eustachio (D:6)
  4 basilisks
  A steam dragon (D:6)
  4 water moccasins
  3 ice beasts
  A sky beast (D:6)
  An orc warrior (D:10)
  4 black bears
  10 wolves
  2 centaurs
  An ogre (D:5)
  2 lemures (D:8)
  A phantom (D:5)
  12 bullfrogs
  A necrophage (D:6)
  7 scorpions
  An entropy weaver simulacrum (D:11)
  2 cane toad simulacra (D:11)
  6 wights
  24 killer bees (Lair:1)
  A howler monkey (D:4)
  An electric eel (Lair:2)
  An orc priest (D:10)
  2 hounds (D:5)
  A jelly (D:7)
  Natasha (thrice) (D:2)
  2 iguanas
  11 orc wizards
  4 hell rats (Lair:2)
  A spriggan simulacrum (D:11)
  A troll simulacrum (D:11)
  A wolf simulacrum (D:11)
  7 adders
  7 gnolls (D:3)
  A naga simulacrum (D:11)
  2 shadow imps
  5 white imps
  3 ufetubi
  A worm (D:5)
  A dart slug (D:4)
  36 orcs
  11 endoplasms
  7 giant cockroaches
  10 goblins
  2 hobgoblins (D:1)
  6 jackals
  4 kobolds
  5 quokkas
  9 ball pythons
  3 bats
  3 rats
  2 butterflies (D:7)
317 creatures vanquished.

Vanquished Creatures (collateral kills)
  6 foxfires
6 creatures vanquished.

Vanquished Creatures (others)
  1030 foxfires
  8 fungi
  6 plants
1044 creatures vanquished.

Grand Total: 1367 creatures vanquished

Table legend: (Time is in decaauts)
 A = Elapsed time spent in this place.
 B = Non-inter-level travel time spent in this place.
 C = Inter-level travel time spent in this place.
 D = Time resting spent in this place.
 E = Time spent auto-exploring this place.
 F = Levels seen in this place.
 G = Mean time per level.
                   A        B        C        D        E       F      G
               +--------+--------+--------+--------+--------+-----+--------+
         Total |  21521 |  20291 |   1230 |   4837 |  12658 |  17 | 1265.9 |
       Dungeon |  16431 |  15345 |   1086 |   3007 |  10311 |  11 | 1493.7 |
        Temple |     43 |     30 |     13 |      0 |     16 |   1 |   43.0 |
          Lair |   4389 |   4258 |    131 |   1583 |   2143 |   4 | 1097.2 |
      Gauntlet |    657 |    657 |      0 |    247 |    188 |   1 |  657.0 |
               +--------+--------+--------+--------+--------+-----+--------+

Top non-repeatable levels by time:
    D:11: 2087 daAuts
  Lair:1: 1878 daAuts
     D:4: 1756 daAuts
     D:1: 1740 daAuts
     D:7: 1558 daAuts
     D:3: 1516 daAuts
     D:8: 1433 daAuts
     D:6: 1396 daAuts
  Lair:2: 1372 daAuts
     D:9: 1293 daAuts
     D:5: 1291 daAuts
     D:2: 1241 daAuts
  Lair:3: 1131 daAuts
    D:10: 1116 daAuts
Gauntlet: 657 daAuts

Table legend:
 A = Non-vault XP
 B = Vault XP
 C = Vault XP percentage of total XP
 D = Non-vault monster count
 E = Vault monster count
 F = Vault count percentage of total count
                 A         B        C        D         E       F
            +---------+---------+-------+---------+---------+-------
      Total |   21125 |   14172 |  40.2 |     241 |      72 |  23.0
            +---------+---------+-------+---------+---------+-------
        D:1 |      37 |       0 |   0.0 |      21 |       0 |   0.0
        D:2 |     142 |      35 |  19.8 |      22 |       1 |   4.3
        D:3 |     175 |     223 |  56.0 |      22 |       1 |   4.3
        D:4 |     215 |     126 |  37.0 |      18 |       2 |  10.0
        D:5 |     870 |       0 |   0.0 |      25 |       0 |   0.0
        D:6 |    1130 |     185 |  14.1 |      18 |       1 |   5.3
        D:7 |    1308 |       8 |   0.6 |      13 |       4 |  23.5
        D:8 |     651 |     629 |  49.1 |       9 |       1 |  10.0
        D:9 |     837 |     497 |  37.3 |       8 |       2 |  20.0
       D:10 |    2217 |    3184 |  59.0 |      18 |      10 |  35.7
       D:11 |    3056 |    3174 |  50.9 |      15 |      16 |  51.6
     Lair:1 |    3538 |    1788 |  33.6 |      13 |      25 |  65.8
     Lair:2 |    4824 |       0 |   0.0 |      28 |       0 |   0.0
     Lair:3 |    1498 |    2654 |  63.9 |       8 |       7 |  46.7
     Lair:4 |     627 |       0 |   0.0 |       3 |       0 |   0.0
   Gauntlet |       0 |    1669 | 100.0 |       0 |       2 | 100.0
            +---------+---------+-------+---------+---------+-------
